 Dungeon Crawl Stone Soup version 0.15-a0-734-g2b8d6ef (console) character file.

138 Plastic the Cudgeler (level 5, -8/54 HPs)
             Began as an Ogre Berserker on May 11, 2014.
             Was a Believer of Trog.
             Mangled by a gnoll
             ... wielding a +0,+0 halberd
              (10 damage)
             ... while paralysed by a potion of paralysis
             ... on Level 3 of the Dungeon.
             The game lasted 00:04:19 (812 turns).

Plastic the Cudgeler (Ogre Berserker)                Turns: 812, Time: 00:04:19

HP  -8/54        AC  3     Str 22      XL: 5   Next: 21%
MP   5/5         EV  1     Int  6      God: Trog [**....]
Gold 51          SH  0     Dex 10      Spells:  0 memorised,  4 levels left

rFire  . . .     SeeInvis .     s - +0 flail
rCold  . . .     Clarity  .     b - +0 animal skin
rNeg   . . .     Conserve .     (shield restricted)
rPois  .         rCorr    .     (helmet restricted)
rElec  .         rRot     .     (no cloak)
SustAb . .       Spirit   .     (gloves unavailable)
rMut   .         Warding  .     (boots unavailable)
Saprov + . .     Stasis   .     (no amulet)
MR     ++...                    (no ring)
                                p - ring of flight

@: paralysed, regenerating, exhausted, slowed, very resistant to hostile
enchantments, very unstealthy
A: unfitting armour, fast metabolism 1, saprovore 1, tough skin 1
a: Burn Spellbooks, Berserk, Trog's Hand, Renounce Religion, Evoke Flight


You were on level 3 of the Dungeon.
You worshipped Trog.
Trog was pleased with you.
You were near starving.

You visited 1 branch of the dungeon, and saw 3 of its levels.

You collected 51 gold pieces.

Inventory:

Hand weapons
 s - a +0,+0 flail (weapon)
Missiles
 m - 5 tomahawks (quivered)
Armour
 b - a +0 animal skin (worn)
 d - a +0 robe
Comestibles
 c - 3 meat rations
 f - 3 chunks of orc flesh
 q - a bread ration
Scrolls
 h - a scroll of immolation {unknown}
 i - 2 scrolls of identify {unknown}
 j - a scroll of magic mapping {unknown}
 l - 2 scrolls of remove curse {unknown}
 n - 2 scrolls of random uselessness {unknown}
 o - a scroll of teleportation {unknown}
Jewellery
 p - a ring of flight (left hand)
Potions
 g - a potion of paralysis
 k - a potion of lignification {unknown}
Books
 r - a book of Cantrips

   Spells                             Type                      Level
   Confusing Touch                    Hexes                        1
   Animate Skeleton                   Necromancy                   1
   Summon Small Mammal                Summoning                    1
   Apportation                        Translocation                1
   Trog disapproves of the use of such an item.


   Skills:
 - Level 4.0 Fighting
 + Level 7.6 Maces & Flails
 - Level 2.9 Dodging


You had 4 spell levels left.
You didn't know any spells.

Dungeon Overview and Level Annotations

Branches:
Dungeon (3/15)

Altars:
Nemelex Xobeh


Innate Abilities, Weirdness & Mutations

You are too large for most types of armour.
You have a fast metabolism.
You can tolerate rotten meat.
You have tough skin (AC +1).


Message History

* * * LOW HITPOINT WARNING * * *
The quokka bites you.
* * * LOW HITPOINT WARNING * * *
The quokka completely misses you. The gnoll completely misses you.
You feel the effects of Trog's Hand fading.
The quokka barely misses you. The quokka closely misses you.
Drink which item? (? for menu, Esc to quit)
It has a very clean taste.
It was a potion of cure mutation.
The quokka barely misses you.
The quokka bites you but does no damage.
Drink which item? (? for menu, Esc to quit)
You suddenly lose the ability to move!
It was a potion of paralysis.
The gnoll hits you from afar with a halberd!
* * * LOW HITPOINT WARNING * * *
The quokka bites you but does no damage.
The quokka bites you.
* * * LOW HITPOINT WARNING * * *
The gnoll hits you from afar with a halberd!
You die...

#.#
#####)#####
#.........#
+.........#
#.........##
#..........#
#....##.##..#
#...##...##..#
#@###.....##.#
#r##.......#.#
#.g...._.....#
#+#
####g......###
#.# ##.....##
#.# ###
##...## #.#
......##.##
##.#
.........<#
.#.#####
........g.#


You could see a gnoll and a quokka.

Vanquished Creatures
  A goliath beetle (D:3)
  A hound (D:3)
  The ghost of bart the Twirler, a weakling MiGl (D:3)
  A giant gecko (D:2)
  An ooze (D:1)
  7 orcs (D:3)
  6 goblins
  A hobgoblin (D:1)
  3 kobolds
  3 quokkas
  A bat (D:3)
  4 giant newts
  4 jackals (D:1)
  7 rats
41 creatures vanquished.

Notes
Turn   | Place    | Note
--------------------------------------------------------------
     0 | D:1      | Plastic, the Ogre Berserker, began the quest for the Orb.
     0 | D:1      | Reached XP level 1. HP: 24/24 MP: 1/1
    62 | D:1      | Reached XP level 2. HP: 25/32 MP: 2/2
   188 | D:1      | Reached skill level 5 in Maces & Flails
   414 | D:3      | Acquired Trog's second power
   414 | D:3      | Reached skill level 6 in Maces & Flails
   414 | D:3      | Reached XP level 3. HP: 16/39 MP: 3/3
   414 | D:3      | Reached XP level 4. HP: 19/48 MP: 4/4
   501 | D:3      | Reached skill level 7 in Maces & Flails
   600 | D:3      | Noticed bart's ghost (weakling MiGl)
   610 | D:3      | Killed bart's ghost
   610 | D:3      | Reached XP level 5. HP: 51/54 MP: 5/5
   742 | D:3      | Found a sparkling altar of Nemelex Xobeh.
   811 | D:3      | Paralysed by a potion of paralysis for 2 turns
   812 | D:3      | HP: 2/54 [quokka (3)]
   812 | D:3      | Mangled by a gnoll

Action                   |  1- 3 |  4- 6 || total
-------------------------+-------+-------++-------
Melee: Mace              |    68 |    45 ||   113
       Flail             |       |     7 ||     7
Throw: Tomahawk          |     5 |     2 ||     7
Invok: Berserk           |     1 |     3 ||     4
       Trog's Hand       |       |     2 ||     2
  Use: Potion            |       |     2 ||     2
